 Dungeon Crawl Stone Soup version 0.31-a0-214-gb37851dbb3 (webtiles) character file.

Game seed: 4967165936161554769

4484 Brandom the Protected (level 10, -7/88 (90) HPs)
             Began as a Minotaur Fighter on July 1, 2023.
             Was a Priest of Okawaru.
             Mangled by Erica
             ... wielding a +4 scimitar of flaming
              (13 damage)
             ... on level 8 of the Dungeon.
             The game lasted 00:17:03 (7148 turns).

Brandom the Protected (Minotaur Fighter)            Turns: 7148, Time: 00:17:04

HP:   -7/88 (90)    AC: 13    Str: 26    XL:     10   Next: 16%
MP:   11/11         EV: 10    Int:  5    God:    Okawaru [***...]
Gold: 439           SH: 12    Dex:  9    Spells: 9/9 levels left

rFire   . . .        y - +2 hand axe (heavy)
rCold   + . .        s - +2 buckler
rNeg    . . .        i - +0 chain mail {rPois}
rPois   +            (helmet restricted)
rElec   .            (no cloak)
rCorr   +            h - +0 pair of gloves
SInv    .            n - +0 pair of boots
Will    .....        H - amulet of reflection Stlth
                     w - ring of resist corrosion
HPRegen 0.34/turn    U - ring of protection from cold
MPRegen 0.12/turn

%: reflection
@: slowed, lightly drained, very slow
A: horns 2, retaliatory headbutt
a: Renounce Religion, Heroism


You were on level 8 of the Dungeon.
You worshipped Okawaru.
Okawaru was most pleased with you.
You visited 2 branches of the dungeon, and saw 9 of its levels.

You collected 439 gold pieces.

Inventory:

Hand Weapons
 a - a +0 war axe of freezing
 y - a +2 heavy hand axe (weapon)
   (You took it off an orc on level 4 of the Dungeon)
Missiles
 I - 2 curare-tipped darts (quivered) {!f}
 N - a throwing net {!f}
Armour
 b - a +0 scale mail
 c - a +0 buckler
 h - a +0 pair of gloves (worn)
   (You found it on level 1 of the Dungeon)
 i - a +0 chain mail of poison resistance (worn)
   (You took it off a wight on level 7 of the Dungeon)
 j - a +0 robe
   (You found it on level 2 of the Dungeon)
 k - a +0 robe
   (You found it on level 2 of the Dungeon)
 m - a +0 robe
   (You found it on level 3 of the Dungeon)
 n - a +0 pair of boots (worn)
   (You found it on level 3 of the Dungeon)
 o - a +0 scale mail
   (You took it off a gnoll sergeant on level 7 of the Dungeon)
 s - a +2 buckler (worn)
   (You found it on level 6 of the Dungeon)
 u - a +0 chain mail
   (You took it off Terence on level 3 of the Dungeon)
 A - a +0 leather armour
   (You took it off an orc on level 7 of the Dungeon)
 F - a +0 robe
   (You took it off a gnoll bouda on level 5 of the Dungeon)
 G - a +0 robe
   (You took it off Blork the orc on level 6 of the Dungeon)
 J - a +0 robe
   (You found it on level 5 of the Dungeon)
 M - a +0 robe
   (You found it on level 5 of the Dungeon)
 Q - a +0 ring mail
   (You took it off an orc on level 5 of the Dungeon)
 T - the +2 robe of Dice, Bag, and Bottle {rN+ rCorr Dex-3 Stlth+}
   (You found it on level 6 of the Dungeon)

   Dex:       It affects your dexterity (-3).
   rN:        It protects you from negative energy.
   rCorr:     It protects you from acid and corrosion.
   Stlth:     It makes you more stealthy.
 V - a +0 ring mail
   (You found it on level 6 of the Dungeon)
 W - a +0 ring mail
   (You found it on level 7 of the Dungeon)
 X - a +0 robe
   (You took it off an orc wizard on level 7 of the Dungeon)
 Z - a +0 robe
   (You took it off an orc wizard on level 7 of the Dungeon)
Jewellery
 w - a ring of resist corrosion (left hand)
   (You found it on level 3 of the Dungeon)
 x - a ring of ice
   (You found it on level 3 of the Dungeon)
 H - an amulet of reflection (around neck)
   (You found it on level 5 of the Dungeon)
 U - a ring of protection from cold (right hand)
   (You found it on level 6 of the Dungeon)
Wands
 d - a wand of iceblast (3)
   (You found it on level 6 of the Dungeon)
 t - a wand of flame (31)
   (You took it off Ijyb on level 3 of the Dungeon)
 v - a wand of digging (8)
   (You found it on level 5 of the Dungeon)
Scrolls
 e - a scroll of revelation
 f - a scroll of vulnerability {!r}
 g - 4 scrolls of amnesia
 l - 2 scrolls of immolation {!r}
Potions
 p - 2 potions of brilliance
 r - 6 potions of curing {@q1}
 z - 4 potions of lignification {unknown}
 B - a potion of haste {unknown}
 C - 2 potions of berserk rage
 O - a potion of enlightenment
 S - a potion of ambrosia {unknown}


   Skills:
 + Level 8.5 Fighting
 + Level 8.1 Axes
 + Level 8.6 Armour
 + Level 6.9 Dodging
 + Level 8.5 Shields
 + Level 3.6 Invocations


You had 9 spell levels left.
You didn't know any spells.
Your spell library contained the following spells:

 Spells                   Type           Power      Damage    Failure   Level
 Magic Dart               Conj           0%         1d3       94%         1
 Sting                    Tmut/Pois      0%         1d3       94%         1
 Poisonous Vapours        Pois/Air       0%         N/A       98%         2
 Sublimation of Blood     Necr           0%         N/A       98%         2
 Hailstorm                Conj/Ice       0%         3d3       100%        3
 Mephitic Cloud           Conj/Pois/Air  0%         N/A       100%        3
 Ice Form                 Ice/Tmut       0%         N/A       100%        4
 Olgreb's Toxic Radiance  Pois           0%         N/A       100%        4
 Petrify                  Tmut/Erth      0%         N/A       100%        4
 Alistair's Intoxication  Tmut/Pois      0%         N/A       100%        5
 Borgnjor's Vile Clutch   Necr/Erth      0%         N/A       100%        5
 Irradiate                Conj/Tmut      0%         3d11      100%        5
 Eringya's Noxious Bog    Tmut/Pois      0%         N/A       100%        6
 Call Imp                 Summ           Unusable   N/A       N/A         2
 Simulacrum               Ice/Necr       Unusable   N/A       N/A         6

Dungeon Overview and Level Annotations

Branches:
Dungeon (8/15)             Temple (1/1) D:6
   Lair: D:8-11

Altars:
Ashenzari
Cheibriados
Fedhas
Gozag
Hepliaklqana
Kikubaaqudgha
Makhleb
Nemelex Xobeh
Okawaru
Qazlal
Ru
Sif Muna
Uskayaw
Vehumet
Wu Jian
Yredelemnul
Zin
The Shining One

Annotations:
D:4 3 runed translucent doors, nago's ghost, amateur DjWn
D:8 Erica


Innate Abilities, Weirdness & Mutations

You have a pair of horns on your head.
You reflexively headbutt those who attack you in melee.


Message History

Press: ? - help, Q - select action, (/) - cycle Shift-Dir - straight line You throw a curare-tipped dart {!f}.
You feel sick. Okawaru is honoured by your kill.
Okawaru will now gift you throwing weapons as you gain piety.
Reactivating autopickup.
You feel a bit more experienced. You block the kobold's attack.
You closely miss the kobold.
You feel sick.
You feel sick. The kobold hits you but does no damage.
You hear some strange, mumbled words.
Deactivating autopickup; reactivate with Ctrl-A.
You feel yourself slow down.
Things that are here:
a +0 dagger; a scroll labelled GOC TECALIDI; 14 gold pieces You closely miss the kobold.
You slash something!
You feel very sick.
You are no longer poisoned.
Something hits you but does no damage. You block the kobold's attack. x2
Something hits you. Something burns you. The wight barely misses you.
You closely miss the wight. You hit something. You slash the kobold!
You kill the kobold!
Okawaru accepts your kill. You block the wight's attack. Something hits you!
Something burns you. Something hits you. Something burns you.
You block the wight's attack. The wight attacks as you move away!
The wight closely misses you. You block something's attack.
Things that are here:
a +0 short sword; 6 poisoned darts You hit the wight but do no damage.
Your headbutt misses the wight. You slash something!
The wight hits you with a +0 battleaxe.
You feel drained. Something hits you!
* * * LOW HITPOINT WARNING * * *
Something burns you!
* * * LOW HITPOINT WARNING * * *
You hear some strange, mumbled words.
A bolt of poison appears from out of thin air!
The bolt of poison misses you. The wight hits you with a +0 battleaxe!
* * * LOW HITPOINT WARNING * * *
You hit something. You hit the wight. The wight barely misses you.
Something hits you!
* * * LOW HITPOINT WARNING * * *
Something burns you.
* * * LOW HITPOINT WARNING * * *
Something hits you!
You die...

,,,,,,,#........##.............##
**,,,#,,..##..#.........#...>..##
,**,*#.,.........##.#..##...#..##
,,*,,##.*#..###))####).....###..#
,,,,,....#.####.###............##
,,,,,.........).###........#..###
*,****.####...#.)..........#....#
*,**,,,,,*#(.##z{)............###
*,*,,,,,,,#..#..@.........#..##
,,*,,,,,,.#..............##.##
,,,,,,_.................#####
,,*,,,....#.......####...#
,,*,,.....#...##.## ##.##
,,**,....*#...#...# ###
,,***#.##*#.......#
*,,,,..,,.........#
***,,,,*,.#......##


You could see a wight.

Vanquished Creatures
  An ugly thing (D:6)
  Maurice (D:8)
  Joseph (D:7)
  A water moccasin (D:5)
  2 black bears (D:6)
  2 sky beasts
  3 ice beasts
  4 ogres
  2 phantoms
  4 centaurs
  3 bullfrogs (D:7)
  3 kobold brigands
  Blork the orc (D:6)
  A gnoll sergeant (D:7)
  A scorpion (D:7)
  6 wights
  A killer bee (D:6)
  A howler monkey (D:5)
  A hound (D:5)
  An orc priest (D:8)
  A gnoll bouda (D:5)
  Terence (D:3)
  4 sleepcaps
  8 iguanas
  Ijyb (D:3)
  5 orc wizards
  11 adders
  10 gnolls
  6 white imps
  3 ufetubi
  3 worms (D:2)
  5 dart slugs
  9 orcs
  2 endoplasms
  8 giant cockroaches
  3 hobgoblins
  2 jackals (D:2)
  2 quokkas
  5 ball pythons
  4 bats
  4 frilled lizards
  6 goblins
  9 kobolds
  3 rats
155 creatures vanquished.

Notes
Turn   | Place    | Note
-------+----------+-------------------------------------------
     0 | D:1      | Brandom the Minotaur Fighter began the quest for the Orb.
     0 | D:1      | Reached XP level 1. HP: 19/19 MP: 0/0
   312 | D:1      | Reached XP level 2. HP: 27/27 MP: 1/1
   803 | D:2      | Reached skill level 1 in Dodging
   803 | D:2      | Reached XP level 3. HP: 33/33 MP: 2/2
  1071 | D:2      | Found a faded altar of an unknown god.
  1211 | D:2      | Reached XP level 4. HP: 37/40 MP: 3/3
  1614 | D:3      | Noticed Ijyb
  1625 | D:3      | Killed Ijyb
  1904 | D:3      | Noticed Terence
  1912 | D:3      | Killed Terence
  2038 | D:3      | Reached XP level 5. HP: 47/47 MP: 4/4
  2061 | D:4      | Noticed an ogre
  2152 | D:4      | Killed an ogre
  2275 | D:4      | Found a runed translucent gate.
  2275 | D:4      | Found a runed translucent gate.
  2276 | D:4      | Found a runed translucent gate.
  2278 | D:4      | Noticed nago's ghost (amateur DjWn)
  2445 | D:4      | Found a stormy altar of Qazlal.
  2594 | D:4      | Reached XP level 6. HP: 55/55 MP: 5/5
  2737 | D:5      | Entered Level 5 of the Dungeon
  2949 | D:5      | Reached skill level 5 in Fighting
  2949 | D:5      | Reached skill level 5 in Armour
  2949 | D:5      | Reached skill level 5 in Shields
  3384 | D:5      | Reached XP level 7. HP: 60/61 MP: 6/6
  3400 | D:5      | Reached skill level 5 in Axes
  3974 | D:5      | Found a snail-covered altar of Cheibriados.
  4128 | D:5      | Reached XP level 8. HP: 19/70 MP: 7/7
  4755 | D:6      | Noticed Blork the orc
  4759 | D:6      | Reached skill level 5 in Dodging
  4762 | D:6      | Killed Blork the orc
  4770 | D:6      | Identified the +0 dagger "Nuf Yps" {freeze, rElec MP+9
                  | Dex+4}
  4883 | D:6      | Identified the +2 robe of Dice, Bag, and Bottle {rN+ rCorr
                  | Dex-3 Stlth+}
  5067 | D:6      | Found a staircase to the Ecumenical Temple.
  5073 | Temple   | Entered the Ecumenical Temple
  5078 | Temple   | Became a worshipper of Warmaster Okawaru
  5221 | D:7      | Reached XP level 9. HP: 79/79 MP: 8/8
  5223 | D:7      | Reached skill level 1 in Invocations
  5250 | D:7      | Noticed Joseph
  5320 | D:7      | Killed Joseph
  5320 | D:7      | Reached * piety under Okawaru
  5740 | D:7      | Noticed a purple ugly thing
  5779 | D:6      | Killed a purple ugly thing
  5779 | D:6      | Reached ** piety under Okawaru
  5899 | D:6      | HP: 4/81 [poisoned by a gnoll sergeant]
  6886 | D:8      | Reached XP level 10. HP: 74/88 MP: 11/11
  6966 | D:8      | Noticed Maurice
  6966 | D:8      | Identified the +1 robe of the Accordion {Int+4 Dex-3}
  7083 | D:8      | Found a sparkling altar of Nemelex Xobeh.
  7136 | D:8      | Noticed Erica
  7141 | D:8      | Killed Maurice
  7141 | D:8      | Reached *** piety under Okawaru
  7148 | D:8      | Mangled by Erica

Illustrated notes

Levels and vault maps discovered:
D:1:      nzn_arrival_depleted_hourglass, layout_loops_ring
D:2:      layout_basic, shapermc_ecumenical_altar_ellora
D:3:      layout_rooms, uniq_terence, uniq_ijyb
D:4:      layout_rooms, mainiacjoe_overflow_surrounded_room,
          gammafunk_ghost_split, minmay_crystal_water, minmay_misc_feat_x
D:5:      minmay_bubble_buster, layout_basic, lemuel_tele_altar
D:6:      layout_cave_pools, minmay_temple_entry_enclosed_plants,
          uniq_blork_the_orc
D:7:      layout_loops_cross, nzn_random_ring, uniq_joseph
D:8:      layout_cave_pools, old_standard_altar, uniq_maurice, uniq_erica,
          uniq_psyche, uniq_grum
Temple:   minmay_freezing_vapour_temple

Skill      XL: |  1  2  3  4  5  6  7  8  9 10 |
---------------+-------------------------------+-----
Dodging        | 1 2 3 4 5 6 |  6.9
Fighting       | 4 5 6 7 8 |  8.5
Armour         | 4 5 6 7 8 |  8.6
Shields        | 4 5 6 7 8 |  8.5
Axes           | 3 4 5 6 7 8 |  8.1
Invocations    | 3 |  3.6

Action                     |  1- 3 |  4- 6 |  7- 9 | 10-12 || total
---------------------------+-------+-------+-------+-------++-------
  Melee: War axe           |    67 |    53 |       |       ||   120
         Headbutt          |     7 |    25 |    28 |     2 ||    62
         Hand axe          |       |    58 |   213 |    29 ||   300
  Throw: Throwing net      |       |       |     1 |       ||     1
         Dart              |       |       |     2 |     5 ||     7
 Invoke: Heroism           |       |       |     2 |       ||     2
  Evoke: Wand              |       |     3 |     4 |       ||     7
    Use: Scroll            |       |       |    12 |       ||    12
         Potion            |       |       |     2 |       ||     2
 Armour: Scale mail        |    31 |    12 |       |       ||    43
         Chain mail        |       |    47 |   145 |     9 ||   201
  Dodge: Dodged            |    20 |    49 |    91 |    15 ||   175
  Block: Buckler           |    20 |    31 |   171 |    25 ||   247
         Reflection        |       |       |    13 |     3 ||    16

Table legend: (Time is in decaauts)
 A = Elapsed time spent in this place.
 B = Non-inter-level travel time spent in this place.
 C = Inter-level travel time spent in this place.
 D = Time resting spent in this place.
 E = Time spent auto-exploring this place.
 F = Levels seen in this place.
 G = Mean time per level.
                   A        B        C        D        E       F      G
               +--------+--------+--------+--------+--------+-----+--------+
         Total |   7357 |   7013 |    344 |   1132 |   4503 |   9 |  817.4 |
       Dungeon |   7347 |   7003 |    344 |   1132 |   4503 |   8 |  918.4 |
        Temple |     10 |     10 |      0 |      0 |      0 |   1 |   10.0 |
               +--------+--------+--------+--------+--------+-----+--------+

Top non-repeatable levels by time:
     D:5: 1601 daAuts
     D:6: 1407 daAuts
     D:7: 1261 daAuts
     D:2: 916 daAuts
     D:1: 673 daAuts
     D:4: 611 daAuts
     D:3: 594 daAuts
     D:8: 282 daAuts
  Temple: 10 daAuts
